 Dungeon Crawl Stone Soup version 0.24.0-123-gd5b16e6ec5 (webtiles) character file.

Game seed: 2867689759373800631, levelgen mode: deterministic

3484 Amplified the Skirmisher (level 9, -7/81 HPs)
             Began as a Demigod Air Elementalist on Jan 8, 2020.
             Mangled by a troll (12 damage)
             ... on level 9 of the Dungeon.
             The game lasted 00:18:54 (10139 turns).

Amplified the Skirmisher (DgAE)                    Turns: 10139, Time: 00:18:55

Health: -7/81      AC:  7    Str: 17    XL:     9   Next: 50%
Magic:  6/6        EV: 12    Int: 14    God:
Gold:   141        SH:  0    Dex: 16    Spells: 11/18 levels left

rFire    + + .     SeeInvis .   r - +3 mace (antimagic)
rCold    + + +     Gourm    .   (no shield)
rNeg     . . .     Faith    .   s - +1 leather armour of Insecurity {rElec rF+ rC++ Int-5}
rPois    .         Spirit   .   h - +2 helmet
rElec    +         Reflect  .   o - scarf {rC+ rF+}
rCorr    .         Harm     .   (no gloves)
MR       .....                  (no boots)
Stlth    ++........             (no amulet)
HPRegen  0.23/turn              (no ring)
MPRegen  0.10/turn              (no ring)

@: drained
A: high mp 1
a: no special abilities


You were on level 9 of the Dungeon.
You were hungry.

You visited 1 branch of the dungeon, and saw 9 of its levels.
You also visited: Sewer.

You collected 351 gold pieces.
You spent 210 gold pieces at shops.

Inventory:

Hand Weapons
 r - a +3 antimagic mace (weapon)
 A - a +1 vampiric whip
Missiles
 g - 57 sling bullets
 k - 32 poisoned darts (quivered)
Armour
 f - a +0 troll leather armour
 h - a +2 helmet (worn)
 o - a scarf of resistance (worn)
 s - the +1 leather armour of Insecurity (worn) {rElec rF+ rC++ Int-5}
   (You bought it in a shop on level 4 of the Dungeon)

   It affects your intelligence (-5).
   It protects you from fire.
   It greatly protects you from cold.
   It insulates you from electricity.
 v - a +2 leather armour of fire resistance
 w - a +0 cloak
Scrolls
 a - 2 scrolls of remove curse
 j - 2 scrolls of amnesia
 m - 2 scrolls of immolation
 z - 2 scrolls of magic mapping
Potions
 i - a potion of brilliance
 l - a potion of mutation
 t - 2 potions of flight
Comestibles
 c - 13 rations


   Skills:
 * Level 7.8(7.0) Fighting
 - Level 1.2(0.6) Armour
 - Level 2.3(1.6) Dodging
 - Level 1.7(1.0) Stealth
 - Level 5.0(4.2) Spellcasting
 * Level 5.9(5.2) Conjurations
 - Level 4.0(3.2) Hexes
 * Level 4.8(4.1) Air Magic


You had 11 spell levels left.
You knew the following spells:

 Your Spells              Type           Power        Failure   Level  Hunger
a - Shock                 Conj/Air       ###.         3%          1    None
b - Swiftness             Chrm/Air       #.......     14%         2    ##.....
c - Static Discharge      Conj/Air       ###.....     10%         3    ###....
d - Confusing Touch       Hex            ##....       6%          1    None

Your spell library contained the following spells:

 Spells                   Type           Power        Failure   Level  Hunger
 Flame Tongue             Conj/Fire      ##...        8%          1    None
 Throw Flame              Conj/Fire      ##....       12%         2    ##.....
 Confuse                  Hex            ##......     17%         3    ###....
 Sandblast                Erth           #.....       22%         1    None
 Conjure Flame            Conj/Fire      ##......     24%         3    ###....
 Stone Arrow              Conj/Erth      ##....       24%         3    ###....
 Passwall                 Tmut/Erth      #.......     34%         2    ##.....
 Inner Flame              Hex/Fire       #.......     34%         3    ###....
 Airstrike                Air            ##........   38%         4    ####...
 Gell's Gravitas          Tloc           #.........   56%         3    ###....
 Sticky Flame             Conj/Fire      ##......     61%         4    ####...
 Lightning Bolt           Conj/Air       ###.......   67%         5    ######.
 Fireball                 Conj/Fire      ##........   91%         5    ######.
 Petrify                  Tmut/Erth      #.......     92%         4    ####...
 Metabolic Englaciation   Hex/Ice        #.........   97%         5    ######.
 Yara's Violent Unravell  Hex/Tmut       #.........   97%         5    ######.
 Lee's Rapid Deconstruct  Erth           #.........   99%         5    ######.


Dungeon Overview and Level Annotations

Branches:
Dungeon (9/15)             Temple (0/1) D:4           Sewer (visited)
   Lair: D:8-11         Orc: D:9-12

Shops:
D:4 [   D:7 [   D:8 ?

Annotations:
D:4 3 runed translucent doors, Amplified's ghost, novice MfVM
D:5 Eustachio; Prince Ribbit
D:6 1 runed translucent door, H0rd4k's ghost, novice DEWz


Innate Abilities, Weirdness & Mutations

You have an increased reservoir of magic. (+10% MP)


Message History

The troll shouts!
Found a stone staircase leading down.
There is an open door here.
Okay, then.
Okay, then.
Sorry, you're not good enough to have a special ability.
Unknown command.
You close the door.
A troll opens the door.
Things that are here:
a +0 shortbow; 11 arrows You see here an arrow.
You see here an arrow.
Your magical contamination has completely faded away.
There is a stone staircase leading up here.
The troll bites you!
* * * LOW HITPOINT WARNING * * *
The troll claws you!
* * * LOW HITPOINT WARNING * * *
The troll claws you!
You die...

....... #.........g
.......###..........
.......#.'......g..g
.......#.#.........y
.......#g#.....yy.y.
.......gg###+#######
.......### #....#
#+##### ####.# #..@#
#.# ###T#
#######.####
####.#####.....#.....
#........#.###.#.###.
#............#.#.#...
#.....)....#.###.#.##
#..........#..(..#...
#........######(#####
####.##### #..#


You could see a troll.

Vanquished Creatures
  A hippogriff (D:7)
  3 orc warriors
  2 ice beasts
  A phantom (D:7)
  4 ogres
  A centaur (D:9)
  5 big kobolds
  4 bullfrogs
  3 scorpions
  12 wights
  2 electric eels (D:8)
  2 crimson imps (D:8)
  2 jellies (D:6)
  3 orc priests
  A bullfrog skeleton (D:4)
  5 orc wizards
  Ijyb (D:4)
  4 worker ants
  4 iguanas
  A killer bee zombie (D:8)
  3 hound zombies
  A hound skeleton (D:6)
  A howler monkey zombie (D:9)
  A worker ant zombie (D:7)
  A gnoll (D:9)
  5 adders
  A shadow imp (D:8)
  5 oozes
  An adder zombie (D:1)
  5 worms
  2 dart slugs
  9 leopard geckos
  23 orcs
  6 bats
  A bat zombie (D:1)
  4 giant cockroaches
  10 goblins
  7 hobgoblins
  8 jackals
  18 kobolds
  A quokka (D:2)
  3 ball pythons
  8 frilled lizards
  A leopard gecko zombie (D:6)
  8 rats
194 creatures vanquished.

Vanquished Creatures (collateral kills)
  An orc priest (D:3)
  An orc wizard (D:3)
  A leopard gecko (D:6)
  2 orcs
5 creatures vanquished.

Vanquished Creatures (others)
  An orc wizard (D:7)
  6 plants
7 creatures vanquished.

Grand Total: 206 creatures vanquished

Notes
Turn   | Place    | Note
-------+----------+-------------------------------------------
     0 | D:1      | Amplified the Demigod Air Elementalist began the quest for
                  | the Orb.
     0 | D:1      | Reached XP level 1. HP: 14/14 MP: 5/5
   139 | D:1      | Reached XP level 2. HP: 16/22 MP: 2/7
   278 | D:1      | Learned a level 2 spell: Swiftness
   314 | D:1      | Reached skill level 1 in Fighting
   918 | D:1      | Reached XP level 3. HP: 28/28 MP: 7/9
  1495 | D:2      | Learned a level 3 spell: Static Discharge
  1571 | D:2      | Reached skill level 1 in Conjurations
  1773 | D:2      | You fall into a shaft and drop 2 floors!
  1774 | D:4      | Found Idwerad's Antique Armour Emporium.
  1830 | D:4      | Found a white marble altar of Elyvilon.
  1853 | D:4      | Found a stormy altar of Qazlal.
  1928 | D:4      | Reached XP level 4. HP: 35/36 MP: 0/10
  1941 | D:4      | Found a glowing drain.
  2029 | Sewer    | Entered a sewer
  2068 | Sewer    | Reached skill level 2 in Fighting
  2192 | Sewer    | Noticed a big kobold
  2192 | Sewer    | Noticed a big kobold
  2223 | Sewer    | Killed a big kobold
  2223 | Sewer    | Reached XP level 5. HP: 40/42 MP: 0/12
  2345 | Sewer    | Reached skill level 3 in Fighting
  2345 | Sewer    | Reached XP level 6. HP: 44/51 MP: 3/14
  2587 | D:4      | Found a staircase to the Ecumenical Temple.
  2605 | D:4      | Noticed Ijyb
  2664 | D:4      | Killed Ijyb
  3095 | D:4      | Reached XP level 7. HP: 52/58 MP: 5/16
  3112 | D:4      | Found an ancient bone altar of Kikubaaqudgha.
  3145 | D:4      | Reached skill level 4 in Fighting
  3341 | D:4      | Found a runed translucent gate.
  3341 | D:4      | Found a runed translucent gate.
  3341 | D:4      | Found a runed translucent gate.
  3342 | D:4      | Noticed Amplified's ghost (novice MfVM)
  3342 | D:4      | Identified the +10 short sword of the Endless March {chaos,
                  | Int+2}
  3515 | D:5      | Entered Level 5 of the Dungeon
  3515 | D:5      | Noticed Eustachio
  3515 | D:5      | Noticed Prince Ribbit
  4077 | D:3      | Killed an orc warrior
  4802 | D:4      | Bought a distressingly furry leather armour for 210 gold
                  | pieces
  4812 | D:4      | Identified the +1 leather armour of Insecurity {rElec rF+
                  | rC++ Int-5} (You bought it in a shop on level 4 of the
                  | Dungeon)
  5193 | D:6      | Found a sparkling altar of Nemelex Xobeh.
  5238 | D:6      | Found a runed translucent door.
  5277 | D:6      | Reached skill level 5 in Fighting
  5279 | D:6      | Reached skill level 5 in Spellcasting
  5279 | D:6      | Reached XP level 8. HP: 41/68 MP: 6/19
  5417 | D:6      | Noticed H0rd4k's ghost (novice DEWz)
  5569 | D:6      | Reached skill level 1 in Armour
  5649 | D:6      | Found a glowing silver altar of Zin.
  5865 | D:6      | Learned a level 1 spell: Confusing Touch
  5952 | D:7      | Reached skill level 1 in Hexes
  5988 | D:7      | Found Ekkuc's Armour Emporium.
  6260 | D:7      | Reached skill level 6 in Fighting
  6392 | D:7      | Found a burning altar of Makhleb.
  6990 | D:7      | Noticed a hippogriff
  7002 | D:7      | Killed a hippogriff
  7196 | D:7      | Reached XP level 9. HP: 67/78 MP: 6/20
  7427 | D:8      | Reached skill level 7 in Fighting
  7662 | D:8      | Reached skill level 5 in Conjurations
  8673 | D:8      | Found Wokeugh's Magic Scroll Shoppe.
  8800 | D:8      | Got a thick robe
  9645 | D:8      | Identified the cursed +0 robe of Freedom {-Tele Int+4} (You
                  | found it on level 8 of the Dungeon)
 10076 | D:9      | HP: 3/81 [gnoll sergeant/+0 trident of piercing (2)]
 10139 | D:9      | Mangled by a troll

Levels and vault maps discovered:
D:1:      saegor_arrival_fortress, layout_basic
D:2:      layout_basic, feat_on_display
D:3:      layout_basic, serial_curves, eino_curves_02, eino_curves_01
D:4:      layout_gridville, overflow_temple_1_default, kennysheep_mini,
          nicolae_overflow_hidden_temple, minmay_temple_entry_proselytizer,
          gup_sewer_entry_bubbles, gammafunk_ghost_nasty_kobolds, serial_shops,
          shop_statue, chequers_serial_rivers_small_b,
          kennysheep_generic_room_6, uniq_ijyb
D:5:      layout_cave_pools, first_ration, uniq_blork_the_orc, uniq_eustachio,
          uniq_menkaure, uniq_sigmund, uniq_prince_ribbit1, uniq_duvessa,
          uniq_edmund
D:6:      layout_gridville, lemuel_crystal_altar, kennysheep_little_box,
          ebering_ghost_sewer_d, minmay_lizard_king
D:7:      layout_loops_ring, lemuel_doored_altar, serial_shops,
          nicolae_shop_temple_entry_statues_fountains
D:8:      layout_loops_corners, serial_shops, nicolae_shop_stone,
          blue_anna_alchemist [blue_anna_fruit_fields, blue_anna_fruit_fields],
          minmay_misc_feat_encased, minivault_14
D:9:      layout_roguey [special_room_bee], kennysheep_mini_moat,
          nicolae_gozag_cash_rules_everything_around_me, lemuel_round_altar,
          serial_shops, nicolae_shop_waterfront, zaba_anthole

Skill      XL: |  1  2  3  4  5  6  7  8  9 |
---------------+----------------------------+-----
Spellcasting   | 2 3 4 5 |  5.0
Air Magic      | 3 4 |  4.8
Fighting       | 1 2 3 5 6 7 |  7.8
Conjurations   | 1 2 3 4 5 |  5.9
Dodging        | 2 |  2.3
Armour         | 1 |  1.2
Hexes          | 4 |  4.0
Stealth        | |  1.7

Action                   |  1- 3 |  4- 6 |  7- 9 || total
-------------------------+-------+-------+-------++-------
Melee: Unarmed           |    69 |    27 |       ||    96
       Mace              |       |   117 |   514 ||   631
       Whip              |       |       |   187 ||   187
Throw: Dart              |     6 |    22 |    43 ||    71
 Cast: Shock             |    96 |    33 |       ||   129
       Static Discharge  |       |     1 |     1 ||     2
       Confusing Touch   |       |       |     3 ||     3
Evoke: Wand              |       |     4 |    43 ||    47
  Use: Scroll            |    10 |     3 |    14 ||    27
       Potion            |     1 |     5 |    15 ||    21
 Stab: Sleeping          |       |       |     4 ||     4
  Eat: Chunk             |     4 |     4 |    13 ||    21
       Ration            |       |       |     3 ||     3
Armor: Troll leather arm |    56 |    85 |   248 ||   389
       Robe              |     1 |       |       ||     1
       Leather armour    |       |       |    24 ||    24
Dodge: Dodged            |    85 |   176 |   553 ||   814
